 Seeded DCSS version 0.28-a0-730-g892d06dc2c (webtiles) character file.

Game seed: 20211028 (custom seed)

9102 a11behringer the Carver (level 11, -12/80 (84) HPs)
             Began as a Formicid Fighter on Oct 28, 2021.
             Was a High Priest of Makhleb.
             Killed from afar by a tengu reaver (32 damage)
             ... with a bolt of negative energy
             ... on level 11 of the Dungeon.
             The game lasted 00:47:52 (11653 turns).

a11behringer the Carver (Formicid Fighter)         Turns: 11653, Time: 00:47:52

HP:   -12/80 (84)   AC: 21    Str: 28    XL:     11   Next: 68%
MP:   14/14         EV:  9    Int: 12    God:    Makhleb [*****.]
Gold: 696           SH:  6    Dex: 16    Spells: 10/10 levels left

rFire   + + .      SeeInvis +   B - +3 scimitar
rCold   . . .      Faith    .   c - +0 buckler
rNeg    . . .      Spirit   .   K - +0 chain mail
rPois   .          Reflect  .   (helmet unavailable)
rElec   .          Harm     .   M - +5 cloak of the Beginning {rF+ Str+4 Int+4}
rCorr   .          Rampage  .   p - +1 pair of gloves
Will    +....                   o - +0 pair of boots
Stlth   ..........              (no amulet)
HPRegen 0.23/turn               i - +6 ring of dexterity
MPRegen 0.14/turn               F - ring of protection from fire

@: lightly drained
A: permanent stasis, dig shafts and tunnels, antennae 3, four strong arms
a: Dig, Shaft Self, Renounce Religion, Minor Destruction, Lesser Servant of
Makhleb, Major Destruction, Greater Servant of Makhleb


You were on level 11 of the Dungeon.
You worshipped Makhleb.
Makhleb was extremely pleased with you.
You visited 1 branch of the dungeon, and saw 11 of its levels.

You collected 696 gold pieces.

Inventory:

Hand Weapons
 a - a +1 long sword
 k - a +1 short sword of holy wrath
 s - a +0 hunting sling
 x - a +2 falchion of distortion
 B - a +3 scimitar (weapon)
Missiles
 m - 8 boomerangs
 n - 99 sling bullets
 A - 5 throwing nets
Armour
 b - a +0 scale mail
 c - a +0 buckler (worn)
 h - a +0 leather armour of willpower
 o - a +0 pair of boots (worn)
 p - a +1 pair of gloves (worn)
 v - a +0 cloak
 D - a scarf of repulsion
 K - a +0 chain mail (worn)
 M - the +5 cloak of the Beginning (worn) {rF+ Str+4 Int+4}
   (You found it on level 10 of the Dungeon)

   Str:       It affects your strength (+4).
   Int:       It affects your intelligence (+4).
   rF:        It protects you from fire.
Magical Staves
 E - a staff of earth
Jewellery
 i - a +6 ring of dexterity (left hand)
 F - a ring of protection from fire (right hand)
 O - a ring of ice
 R - a ring of resist corrosion
Wands
 e - a wand of acid (19)
 w - a wand of charming (9)
 L - a wand of flame (17)
 P - a wand of digging (7)
Scrolls
 f - 2 scrolls of noise
 u - 5 scrolls of teleportation
 y - 2 scrolls of enchant weapon
 N - 2 scrolls of identify
 Q - a scroll of magic mapping
Potions
 d - a potion of might
 g - 2 potions of curing
 j - 2 potions of ambrosia
 l - 2 potions of invisibility {unknown}
 q - 2 potions of lignification
 r - a potion of berserk rage {unknown}
 t - a potion of haste
 z - 2 potions of attraction {unknown}
 C - 2 potions of resistance
 G - 2 potions of flight {unknown}
 H - a potion of magic
 I - 3 potions of mutation
 J - 2 potions of heal wounds


   Skills:
 + Level 7.5 Fighting
 * Level 13.7 Long Blades
 + Level 8.3 Armour
 - Level 1.3 Dodging
 + Level 6.1 Shields
 + Level 4.1 Invocations


You had 10 spell levels left.
You didn't know any spells.
Your spell library contained the following spells:

 Spells                   Type           Power      Damage    Failure   Level
 Frozen Ramparts          Ice            0%         1d2       99%         3
 Summon Guardian Golem    Hex/Summ       0%         N/A       99%         3
 Animate Dead             Necr           0%         N/A       100%        4
 Ice Form                 Ice/Tmut       0%         N/A       100%        4
 Summon Ice Beast         Ice/Summ       0%         N/A       100%        4
 Dispersal                Tloc           0%         N/A       100%        6
 Haunt                    Necr/Summ      0%         N/A       100%        7
 Orb of Destruction       Conj           0%         N/A       100%        7
 Spellforged Servitor     Conj/Summ      0%         N/A       100%        7
 Disjunction              Tloc           0%         N/A       100%        8
 Infestation              Necr           0%         N/A       100%        8


Dungeon Overview and Level Annotations

Branches:
Dungeon (11/15)            Temple (0/1) D:6            Lair (0/6) D:9
    Orc (0/2) D:9

Altars:
Ashenzari
Cheibriados
Dithmenos
Elyvilon
Hepliaklqana
Makhleb
Okawaru
Qazlal
Trog
Uskayaw
Wu Jian
Xom
Yredelemnul

Shops:
D:4 (

Portals:
Abyss: D:3


Innate Abilities, Weirdness & Mutations

You cannot be hasted, slowed, berserked, paralysed or teleported.
You can dig through walls and to a lower floor.
You have a pair of large antennae on your head. (SInv)
Your four strong arms can wield two-handed weapons with a shield.


Message History

The vampire mosquito bites you but does no damage.
You miss the vampire mosquito.
The vampire mosquito is almost destroyed.
* * * LOW HITPOINT WARNING * * *
You feel very sick. The vampire mosquito barely misses you.
The tengu reaver points at you and mumbles some strange words.
The bolt of poison hits the vampire mosquito.
The vampire mosquito completely resists.
The bolt of poison hits you!
You are more poisoned.
* * * LOW HITPOINT WARNING * * *
You feel better.
The vampire mosquito bites you but does no damage. x2
You feel much better.
You block the vampire mosquito's attack.
The tengu reaver gestures at you while chanting.
The bolt of poison hits the vampire mosquito.
The vampire mosquito completely resists.
The bolt of poison hits you!!
You are poisoned.
* * * LOW HITPOINT WARNING * * *
The vampire mosquito bites you but does no damage.
You feel better.
The vampire mosquito bites you but does no damage.
You slash the tengu reaver!
The tengu reaver is lightly wounded.
The tengu reaver blocks your attack.
The tengu reaver is lightly wounded.
You hit the tengu reaver but do no damage.
The tengu reaver is lightly wounded.
You block the tengu reaver's attack.
The tengu reaver pecks you but does no damage.
The tengu reaver claws you.
* * * LOW HITPOINT WARNING * * *
The tengu reaver blocks your attack.
The tengu reaver is lightly wounded.
The tengu reaver casts a spell at you. The bolt of negative energy hits you!!
You feel drained.
You die...

{ .... {.....
####### { .....
#...yQ#####....
. ####@...#..#
..
#...#####..#...
####).#......##
# #.###........
#.
##{....####..
.#..##.....#
....#......##
#.........#..
##............


You could see a tengu reaver and a vampire mosquito.

Vanquished Creatures
  Harold (D:9)
  An ogre mage (D:11)
  Maurice (D:9)
  2 unseen horrors
  15 yaks (D:9)
  Grum (D:8)
  2 vampire mosquitoes (D:11)
  An acid dragon (D:10)
  A water moccasin (D:9)
  A small abomination (D:3)
  2 orc warriors
  2 sky beasts
  A black bear (D:7)
  The ghost of MudFish the Shooter, an amateur MiHu (D:3)
  4 wolves (D:8)
  A necrophage (D:5)
  4 ogres
  6 centaurs
  A phantom (D:5)
  3 kobold brigands
  5 bullfrogs
  A gnoll sergeant (D:9)
  2 wyvern zombies
  A scorpion (D:5)
  3 wights (D:7)
  A jelly (D:4)
  2 howler monkeys
  A crimson imp (D:7)
  A quasit (D:3)
  2 centaur zombies (D:6)
  2 hounds
  A gnoll shaman (D:6)
  7 orc priests
  3 iguanas
  8 orc wizards
  A hound skeleton (D:4)
  2 howler monkey zombies
  16 gnolls
  6 adders
  2 white imps
  2 dart slugs (D:2)
  45 orcs
  10 ball pythons
  9 endoplasms
  8 giant cockroaches
  10 goblins
  6 hobgoblins
  2 jackals (D:5)
  12 kobolds
  7 quokkas
  11 bats
  9 frilled lizards
  3 rats
252 creatures vanquished.

Vanquished Creatures (collateral kills)
  A yak (D:9)
  2 wights (D:7)
3 creatures vanquished.

Vanquished Creatures (others)
  5 fungi
5 creatures vanquished.

Grand Total: 260 creatures vanquished

Notes
Turn   | Place    | Note
-------+----------+-------------------------------------------
     0 | D:1      | a11behringer the Formicid Fighter began the quest for the
                  | Orb.
     0 | D:1      | Reached XP level 1. HP: 18/18 MP: 1/1
   214 | D:1      | Reached XP level 2. HP: 24/24 MP: 2/2
   388 | D:1      | Found a faded altar of an unknown god.
   423 | D:1      | Prayed at the altar of an unknown god.
   423 | D:1      | Became a worshipper of Makhleb the Destroyer
   423 | D:1      | Reached * piety under Makhleb
   907 | D:1      | Reached XP level 3. HP: 29/29 MP: 3/3
  1548 | D:2      | Reached ** piety under Makhleb
  1615 | D:2      | Reached XP level 4. HP: 35/35 MP: 4/4
  1686 | D:2      | Reached skill level 3 in Long Blades
  2329 | D:3      | Reached XP level 5. HP: 40/41 MP: 5/5
  2587 | D:3      | Reached skill level 4 in Long Blades
  2731 | D:3      | Noticed a kobold brigand
  2732 | D:3      | Noticed MudFish's ghost (amateur MiHu)
  2733 | D:3      | Found a one-way gate to the infinite horrors of the Abyss.
  2995 | D:3      | Found a transporter.
  3002 | D:3      | Found a transporter.
  3016 | D:3      | Noticed a small abomination
  3239 | D:3      | Reached skill level 1 in Dodging
  3317 | D:3      | Found an ornate altar of the Wu Jian Council.
  3406 | D:4      | Reached XP level 6. HP: 45/48 MP: 6/6
  3540 | D:4      | Found Jeozouch's Weapon Shop.
  3563 | D:4      | Found a hide-covered altar of Uskayaw.
  3581 | D:4      | Noticed an ogre
  3588 | D:4      | Killed an ogre
  3609 | D:4      | Noticed an ogre
  3614 | D:4      | Killed an ogre
  3615 | D:4      | Reached skill level 5 in Long Blades
  3615 | D:4      | Reached XP level 7. HP: 51/53 MP: 7/7
  3864 | D:4      | Reached skill level 1 in Invocations
  3966 | D:4      | Found a stormy altar of Qazlal.
  3968 | D:4      | Found a broken altar of Ashenzari.
  4204 | D:5      | Entered Level 5 of the Dungeon
  4269 | D:5      | Reached skill level 6 in Long Blades
  4269 | D:5      | Reached skill level 5 in Armour
  4279 | D:5      | Reached *** piety under Makhleb
  4326 | D:5      | Found a shadowy altar of Dithmenos.
  4331 | D:5      | Found a snail-covered altar of Cheibriados.
  4343 | D:5      | Reached XP level 8. HP: 34/60 MP: 9/9
  4490 | D:5      | Found a white marble altar of Elyvilon.
  4501 | D:5      | Found an iron altar of Okawaru.
  4503 | D:5      | Found a bloodstained altar of Trog.
  4634 | D:5      | Reached skill level 7 in Long Blades
  5822 | D:6      | Reached skill level 8 in Long Blades
  6074 | D:6      | Found a staircase to the Ecumenical Temple.
  6183 | D:7      | Reached XP level 9. HP: 64/67 MP: 10/10
  6203 | D:7      | Reached skill level 5 in Fighting
  6310 | D:7      | Reached skill level 9 in Long Blades
  6596 | D:7      | Reached **** piety under Makhleb
  6605 | D:7      | Noticed an unseen horror
  6617 | D:7      | Killed an unseen horror
  6618 | D:7      | Reached skill level 5 in Shields
  6906 | D:7      | Found a burning altar of Makhleb.
  6907 | D:7      | Found a shimmering altar of Xom.
  7396 | D:3      | Killed MudFish's ghost
  7399 | D:3      | Reached skill level 10 in Long Blades
  7795 | D:8      | Reached XP level 10. HP: 23/76 MP: 12/12
  8295 | D:8      | Noticed Grum
  8333 | D:8      | Killed Grum
  8334 | D:8      | Reached skill level 11 in Long Blades
  8558 | D:8      | Found a basalt altar of Yredelemnul.
  9171 | D:9      | Noticed Maurice
  9199 | D:9      | Killed Maurice
  9211 | D:9      | Reached skill level 12 in Long Blades
  9313 | D:9      | Found a staircase to the Orcish Mines.
  9385 | D:9      | Reached XP level 11. HP: 83/83 MP: 13/13
  9425 | D:9      | Reached ***** piety under Makhleb
  9462 | D:9      | Reached skill level 13 in Long Blades
  9877 | D:9      | Found a staircase to the Lair.
 10011 | D:9      | Noticed Harold
 10030 | D:9      | Killed Harold
 10331 | D:10     | Entered Level 10 of the Dungeon
 10345 | D:10     | Identified the +5 cloak of the Beginning {rF+ Str+4 Int+4}
 10701 | D:10     | Identified the +1 ring mail of Greater Demons {Stlth+}
 11079 | D:10     | Found a hazy altar of Hepliaklqana.
 11611 | D:11     | Noticed a red ugly thing
 11618 | D:11     | Noticed an ogre mage
 11627 | D:11     | Killed an ogre mage
 11640 | D:11     | Noticed a tengu reaver
 11646 | D:11     | HP: 4/84 [tengu reaver/bolt of poison (12)]
 11653 | D:11     | Killed from afar by a tengu reaver

Illustrated notes

Levels and vault maps discovered:
D:1:      kennysheep_arrival_forest, layout_basic,
          ebering_ecumenical_altar_rust, lemuel_another_geyser
D:2:      layout_basic
D:3:      layout_basic, lemuel_tele_altar, serial_rivers,
          chequers_serial_rivers_marsh, chequers_serial_rivers_micro_e,
          chequers_serial_rivers_room_a, chequers_serial_rivers_micro_a,
          chequers_serial_rivers_micro_a, chequers_serial_rivers_micro_c,
          gammafunk_ghost_abyssal_escape
D:4:      layout_basic, nicolae_overflow_hidden_temple,
          mainiacjoe_overflow_boulevard, serial_shops, shop
D:5:      layout_rooms, minitemple, mainiacjoe_overflow_catwalk_spiral,
          serial_aquarium, aquarium_bridge_square [aquarium_subvault_bridge,
          aquarium_subvault_wall, aquarium_subvault_window,
          aquarium_subvault_bridge], aquarium_bridge_straight
          [aquarium_subvault_bridge, aquarium_subvault_wall,
          aquarium_subvault_bridge, aquarium_subvault_window],
          aquarium_window_fake, aquarium_window_fake, aquarium_window_2,
          aquarium_window_fake, aquarium_view_2c, aquarium_view_2c
D:6:      layout_cave_pools, minmay_temple_entry_antechambers, kennysheep_path_1
D:7:      layout_cave_pools, grunt_temple_overflow_champion_of_chaos,
          serial_co_window_serial, co_window_of_opportunity_a,
          co_window_paths_a, co_window_cross_1, co_window_corner_a,
          co_window_paths_a, co_window_of_opportunity_b, co_window_broadway_b,
          co_window_paths_c, co_window_of_opportunity_b, glass_columns_c,
          glass_columns_a, glass_columns_a, glass_columns_c, glass_columns_c
D:8:      layout_gridville, yredelemnul_altar_generic, uniq_grum
D:9:      layout_roguey, hiddenorc1_lemuel, uniq_harold, uniq_maurice
D:10:     layout_long_grid, mainiacjoe_overflow_alcove_2,
          chequers_serial_rivers_marsh, serial_bayou_lagoon_a
D:11:     minmay_chopped_fan, layout_cave_pools, hive_lemuel

Skill      XL: |  1  2  3  4  5  6  7  8  9 10 11 |
---------------+----------------------------------+-----
Long Blades    | 3 4 5 6 8 10 12 13 | 13.7
Armour         | 4 5 6 7 8 |  8.3
Dodging        | 1 |  1.3
Shields        | 4 5 6 |  6.1
Invocations    | 2 3 4 |  4.1
Fighting       | 4 5 6 7 |  7.5

Action                   |  1- 3 |  4- 6 |  7- 9 | 10-12 || total
-------------------------+-------+-------+-------+-------++-------
Melee: Long sword        |   122 |   105 |   215 |       ||   442
       Scimitar          |       |       |   110 |   354 ||   464
Invok: Minor Destruction |       |     8 |    11 |     6 ||    25
       Lesser Servant of |       |       |     3 |     3 ||     6
 Abil: Dig               |    16 |     3 |    19 |     7 ||    45
  Use: Scroll            |       |     4 |     5 |     8 ||    17
       Potion            |       |       |     4 |     4 ||     8
Armor: Scale mail        |    51 |    32 |   154 |     2 ||   239
       Chain mail        |       |       |       |   133 ||   133
Dodge: Dodged            |    55 |    38 |   171 |    92 ||   356
Block: Buckler           |    32 |    30 |    89 |    69 ||   220

Table legend: (Time is in decaauts)
 A = Elapsed time spent in this place.
 B = Non-inter-level travel time spent in this place.
 C = Inter-level travel time spent in this place.
 D = Time resting spent in this place.
 E = Time spent auto-exploring this place.
 F = Levels seen in this place.
 G = Mean time per level.
                   A        B        C        D        E       F      G
               +--------+--------+--------+--------+--------+-----+--------+
         Total |  11722 |   9193 |   2529 |      0 |   7034 |  11 | 1065.6 |
       Dungeon |  11722 |   9193 |   2529 |      0 |   7034 |  11 | 1065.6 |
               +--------+--------+--------+--------+--------+-----+--------+

Top non-repeatable levels by time:
     D:3: 1561 daAuts
     D:1: 1519 daAuts
    D:10: 1281 daAuts
     D:8: 1278 daAuts
     D:9: 1259 daAuts
     D:7: 1252 daAuts
     D:5: 1244 daAuts
     D:4: 927 daAuts
     D:6: 712 daAuts
     D:2: 635 daAuts
    D:11: 50 daAuts
